 Dungeon Crawl Stone Soup version 0.29-a0-551-gffc1d7fb78 (webtiles) character file.

Game seed: 11169012386434758875

222 porpoise the Skirmisher (level 5, -5/43 HPs)
             Began as a Demonspawn Brigand on June 6, 2022.
             Slain by an orc
             ... wielding a +0 morningstar
              (9 damage)
             ... on level 4 of the Dungeon.
             The game lasted 00:12:17 (2990 turns).

porpoise the Skirmisher (Demonspawn Brigand)        Turns: 2990, Time: 00:12:30

Health: -5/43      AC:  5    Str: 13    XL:     5   Next: 66%
Magic:  5/5        EV:  9    Int: 13    God:
Gold:   203        SH:  0    Dex: 14    Spells: 2/4 levels left

rFire   . . .      SeeInvis .     - Unarmed
rCold   . . .      Faith    .   (no shield)
rNeg    . . .      Spirit   .   q - +0 scale mail
rPois   .          Reflect  .   h - +0 helmet
rElec   .          Harm     .   c - +0 cloak
rCorr   .          Rampage  .   (no gloves)
Will    .....                   (no boots)
Stlth   +.........              (no amulet)
HPRegen 0.14/turn               (no ring)
MPRegen 0.09/turn               (no ring)

@: on berserk cooldown, slowed, unable to read, very slow
A: claws 1, demonic guardian 2, deformed body, screaming 1, wild magic 1,
inability to read while threatened
a: no special abilities


You were on level 4 of the Dungeon.
You visited 1 branch of the dungeon, and saw 4 of its levels.

You collected 203 gold pieces.

Inventory:

Hand Weapons
 a - a +2 dagger
 t - a +0 trident
Missiles
 e - 3 curare-tipped darts (quivered)
 u - 3 boomerangs
Armour
 c - a +0 cloak (worn)
 h - a +0 helmet (worn)
 q - a +0 scale mail (worn)
Jewellery
 n - a ring of fire
Wands
 r - a wand of iceblast (5)
Scrolls
 b - a scroll of torment {unknown}
 g - a scroll of magic mapping {unknown}
 i - a scroll of vulnerability
 j - a scroll of blinking {unknown}
 k - 3 scrolls of teleportation {unknown}
 l - a scroll of fear {unknown}
 o - a scroll of amnesia
 p - a scroll of noise {unknown}
 w - 2 scrolls of identify {unknown}
Potions
 s - a potion of resistance {unknown}
 v - a potion of heal wounds {unknown}


   Skills:
 * Level 4.3 Fighting
 - Level 1.7 Short Blades
 - Level 0.8 Polearms
 - Level 1.7 Throwing
 - Level 0.8 Dodging
 - Level 3.8 Stealth
 * Level 3.1 Unarmed Combat


You had 2 spell levels left.
You knew the following spells:

 Your Spells              Type           Power      Damage    Failure   Level
w - Wereblood             Tmut           0%         N/A       96%         2

Your spell library contained the following spells:

 Spells                   Type           Power      Damage    Failure   Level
 Static Discharge         Conj/Air       0%         N/A       96%         2
 Sublimation of Blood     Necr           0%         N/A       96%         2
 Conjure Flame            Conj/Fire      0%         6-21      99%         3
 Ignite Poison            Fire/Tmut/Pois 0%         N/A       99%         3
 Sticky Flame             Conj/Fire      0%         2d3       100%        4
 Lightning Bolt           Conj/Air       0%         1d11      100%        5
 Summon Hydra             Summ           0%         N/A       100%        7
 Maxwell's Capacitive Co  Air            0%         ∞         100%        8


Dungeon Overview and Level Annotations

Branches:
Dungeon (4/15)
 Temple: D:4-7

Altars:

Annotations:
D:3 3 runed translucent doors, shadowstone's ghost, weakling FeEn


Innate Abilities, Weirdness & Mutations

You have sharp fingernails.
A demonic guardian rushes to your aid.
Armour fits poorly on your strangely shaped body.
You occasionally shout uncontrollably at your foes.
Your spells are a little harder to cast, but a little more powerful.
You sometimes lose the ability to read scrolls when taking damage.


Message History

The iguana hisses menacingly.
The iguana barely misses you.
Items here: )))) [[[ ††.
You scratch the iguana but do no damage.
The iguana bites you but does no damage.
An orc comes into view. It is wielding a +0 morningstar.
You scratch the iguana.
The iguana is moderately wounded.
You claw the iguana!
You kill the iguana!
Your Unarmed Combat skill increases to level 3!
You are too injured to fight recklessly!
You are too injured to fight recklessly!
You claw the orc!
You kill the orc!
Things that are here:
a +0 club; a poisoned dart; an orc corpse You feel a strong urge to attack something.
The orc hits you with a +0 dagger.
* * * LOW HITPOINT WARNING * * *
You closely miss the orc.
You are no longer berserk.
You are exhausted.
You feel yourself slow down.
Unknown command.
You scratch the orc.
The orc is moderately wounded.
The orc hits you with a +0 morningstar.
* * * LOW HITPOINT WARNING * * *
A demonic guardian appears!
The orc barely misses you. The orc hits you with a +0 dagger.
* * * LOW HITPOINT WARNING * * *
The orc barely misses you.
It was a potion of mutation.
You feel extremely strange.
You lose the ability to read scrolls when threatened.
You feel the urge to shout.
Your body twists and deforms.
You feel less in control of your magic. The orc hits you with a +0 morningstar!
You feel threatened and lose the ability to read scrolls!
You die...

####.#...>...o(.
........ ..... .
#...... ......#
#.#..)# .(#....
#.#...##(......
#.#...((....l..
#.##..###......
#####(##o.#...#....
#....†)@o4.........
#####)##.........##
#.##.#.#...#.#
#.##.......# #
#(##.......# ...
#(##.#.#..##..###
#(##.#...<.......
#.##.###......##.
#........####.#


You could see 2 orcs and a friendly orange demon (summoned).

Vanquished Creatures
  An iguana (D:4)
  Terence (D:2)
  3 adders
  A worm (D:2)
  2 dart slugs (D:2)
  12 orcs
  3 ball pythons
  6 endoplasms
  A giant cockroach (D:1)
  2 goblins
  5 hobgoblins
  4 kobolds (D:3)
  A quokka (D:3)
  4 bats (D:2)
  A frilled lizard (D:2)
  3 rats (D:1)
50 creatures vanquished.

Vanquished Creatures (collateral kills)
  A phantom (D:4)
1 creature vanquished.

Vanquished Creatures (others)
  2 fungi (D:3)
  2 plants (D:3)
4 creatures vanquished.

Grand Total: 55 creatures vanquished

Notes
Turn   | Place    | Note
-------+----------+-------------------------------------------
     0 | D:1      | porpoise the Demonspawn Brigand began the quest for the
                  | Orb.
     0 | D:1      | Reached XP level 1. HP: 16/16 MP: 1/1
   451 | D:1      | Found a faded altar of an unknown god.
   463 | D:1      | Discovered your monstrous ancestry.
   463 | D:1      | Gained mutation: You have sharp fingernails. [demonic
                  | ancestry]
   463 | D:1      | Reached XP level 2. HP: 22/22 MP: 2/2
   815 | D:2      | Gained mutation: A weak demonic guardian rushes to your
                  | aid. [demonic ancestry]
   815 | D:2      | Reached XP level 3. HP: 28/28 MP: 3/3
   870 | D:2      | Reached skill level 1 in Unarmed Combat
  1427 | D:2      | Noticed Terence
  1436 | D:2      | Killed Terence
  1437 | D:2      | Reached skill level 3 in Fighting
  1503 | D:2      | Gained mutation: A demonic guardian rushes to your aid.
                  | [demonic ancestry]
  1503 | D:2      | Reached XP level 4. HP: 35/35 MP: 4/4
  2123 | D:3      | Learned a level 2 spell: Wereblood
  2468 | D:3      | Found a runed translucent gate.
  2468 | D:3      | Noticed shadowstone's ghost (weakling FeEn)
  2469 | D:3      | Found a runed translucent gate.
  2469 | D:3      | Found a runed translucent gate.
  2469 | D:3      | Noticed a kobold brigand
  2920 | D:4      | Noticed a phantom
  2959 | D:4      | Killed a phantom
  2960 | D:4      | Reached skill level 4 in Fighting
  2960 | D:4      | Reached XP level 5. HP: 14/42 MP: 5/5
  2990 | D:4      | Gained mutation: You sometimes lose the ability to read
                  | scrolls when taking damage. [potion of mutation]
  2990 | D:4      | Gained mutation: You occasionally shout uncontrollably at
                  | your foes. [potion of mutation]
  2990 | D:4      | Gained mutation: Armour fits poorly on your strangely
                  | shaped body. [potion of mutation]
  2990 | D:4      | Gained mutation: Your spells are a little harder to cast,
                  | but a little more powerful. [potion of mutation]
  2990 | D:4      | Slain by an orc

Illustrated notes

Levels and vault maps discovered:
D:1:      ncdulo_lavacross, layout_basic, ebering_ecumenical_altar_rust
D:2:      layout_loops_cross, grunt_decor_fettered, minmay_strange_pillars,
          kennysheep_another_room, uniq_terence
D:3:      layout_loops_ring, gammafunk_ghost_nasty_kobolds
D:4:      layout_basic, amcnicky_mini_corridor_feature, kennysheep_small_square

Skill      XL: |  1  2  3  4  5 |
---------------+----------------+-----
Unarmed Combat | 1 2 3 |  3.1
Fighting       | 3 4 |  4.3
Short Blades   | |  1.7
Polearms       | |  0.8
Throwing       | |  1.7
Dodging        | |  0.8
Stealth        | |  3.8

Action                   |  1- 3 |  4- 6 || total
-------------------------+-------+-------++-------
Melee: Dagger            |    88 |    74 ||   162
       Punch             |     3 |     3 ||     6
       Unarmed           |       |    16 ||    16
Throw: Dart              |     3 |    33 ||    36
Evoke: Wand              |     1 |       ||     1
  Use: Potion            |     1 |     2 ||     3
       Scroll            |       |     2 ||     2
 Stab: Sleeping          |     4 |       ||     4
Armor: Robe              |     4 |       ||     4
       Leather armour    |     7 |       ||     7
       Scale mail        |    13 |    46 ||    59
Dodge: Dodged            |    44 |    44 ||    88

Table legend: (Time is in decaauts)
 A = Elapsed time spent in this place.
 B = Non-inter-level travel time spent in this place.
 C = Inter-level travel time spent in this place.
 D = Time resting spent in this place.
 E = Time spent auto-exploring this place.
 F = Levels seen in this place.
 G = Mean time per level.
                   A        B        C        D        E       F      G
               +--------+--------+--------+--------+--------+-----+--------+
         Total |   2972 |   2867 |    105 |    814 |   1463 |   4 |  743.0 |
       Dungeon |   2972 |   2867 |    105 |    814 |   1463 |   4 |  743.0 |
               +--------+--------+--------+--------+--------+-----+--------+

Top non-repeatable levels by time:
     D:3: 1312 daAuts
     D:2: 925 daAuts
     D:1: 621 daAuts
     D:4: 112 daAuts
